 Dungeon Crawl Stone Soup version 0.22.1-2-g9c5b331 (webtiles) character file.

1691 MalarOregon the Poker (level 9, -3/103 HPs)
             Began as a Merfolk Summoner on Nov 23, 2018.
             Was a Follower of Ashenzari.
             Killed from afar by an electric eel (18 damage)
             ... with a bolt of electricity
             ... on level 6 of the Dungeon.
             The game lasted 00:15:55 (7715 turns).

MalarOregon the Poker (Merfolk Summoner)            Turns: 7715, Time: 00:15:56

Health: -3/103     AC:  9    Str: 13    XL:     9   Next: 2%
Magic:  15/15      EV: 21    Int: 18    God:    Ashenzari [*.....]
Gold:   292        SH:  0    Dex: 14    Spells: 11/16 levels left

rFire    + . .     SeeInvis .   h - +0 halberd
rCold    . . .     Gourm    .   (shield currently unavailable)
rNeg     . . .     Faith    .   n - +2 robe {rF+}
rPois    .         Spirit   .   s - +0 helmet
rElec    .         Reflect  .   g - +2 cloak
rCorr    .         Harm     .   d - +0 pair of gloves
MR       +....                  (boots currently unavailable)
Stlth    ..........             (no amulet)
HPRegen  0.27/turn              (no ring)
MPRegen  0.14/turn              (no ring)

@: berserking, very quick
A: change form in water, swift swim, stealthy swim, magic resistance 1, sturdy
frame 1
a: Curse Item, Scrying, Renounce Religion


You were on level 6 of the Dungeon.
You worshipped Ashenzari.
Ashenzari was aware of your devotion.
You were not hungry.

You visited 1 branch of the dungeon, and saw 6 of its levels.

You collected 292 gold pieces.

Inventory:

Hand Weapons
 b - a +0 spear
   (You found it on level 1 of the Dungeon)
 h - a +0 halberd (weapon)
   (You found it on level 2 of the Dungeon)
Armour
 d - a +0 pair of gloves (worn)
   (You found it on level 4 of the Dungeon)
 g - a +2 cloak (worn)
   (You found it on level 1 of the Dungeon)
 i - +0 steam dragon scales
   (You found it on level 5 of the Dungeon)
 n - a +2 robe of fire resistance (worn)
   (You found it on level 5 of the Dungeon)
 s - a +0 helmet (worn)
   (You took it off Robin on level 5 of the Dungeon)
Jewellery
 l - an uncursed ring of protection from magic
   (You took it off a goblin on level 3 of the Dungeon)
 o - an uncursed amulet of faith {!P}
   (You found it on level 3 of the Dungeon)
 q - a cursed ring of flight
   (You found it on level 4 of the Dungeon)
Scrolls
 c - 2 scrolls of immolation {!r}
 f - 5 scrolls of identify {@r1}
 k - a scroll of magic mapping
 m - 2 scrolls of enchant weapon
 p - 2 scrolls of remove curse {@r2}
 t - 2 scrolls of teleportation {@r4}
 u - 2 scrolls of amnesia
Potions
 a - 3 potions of flight
 r - a potion of mutation {!q}
Comestibles
 e - 5 rations {!d}
 j - 4 chunks of flesh


   Skills:
 * Level 5.7 Fighting
 * Level 7.9 Polearms
 * Level 7.6 Dodging
 - Level 3.0 Stealth
 + Level 4.0 Spellcasting
 + Level 5.5 Summonings


You had 11 spell levels left.
You knew the following spells:

 Your Spells              Type           Power        Failure   Level  Hunger
c - Call Canine Familiar  Summ           ###.....     4%          3    ###....
x - Call Imp              Summ           ###.....     2%          2    ##.....

Your spell library contained the following spells:

 Spells                   Type           Power        Failure   Level  Hunger
 Summon Small Mammal      Summ           ###.         1%          1    None
 Summon Guardian Golem    Hex/Summ       ##......     14%         3    ###....
 Summon Ice Beast         Ice/Summ       ##......     43%         4    ####...
 Summon Lightning Spire   Summ/Air       ##......     43%         4    ####...


Dungeon Overview and Level Annotations

Branches:
Dungeon (6/15)             Temple (0/1) D:5

Altars:
Ashenzari
Fedhas
Sif Muna
Vehumet
The Shining One


Innate Abilities, Weirdness & Mutations

You revert to your normal form in water.
You are very nimble and swift while swimming.
You are very stealthy in the water. (Stealth+)
You are resistant to hostile enchantments. (MR+)
Your movements are slightly less encumbered by armour. (ER -2)


Message History

An electric eel is nearby!
An electric eel comes into view.
You barely miss the electric eel.
The electric eel shoots out a bolt of lightning at you!
The bolt of electricity hits you!
The bolt of electricity hits the plant.
You hit the electric eel but do no damage.
The electric eel shoots out a bolt of lightning at you!
The bolt of electricity hits the electric eel.
The electric eel completely resists.
The bolt of electricity hits you!
The electric eel shoots out a bolt of lightning at you!
The bolt of electricity hits you!
* * * LOW HITPOINT WARNING * * *
The bolt of electricity hits the plant.
You are too injured to fight recklessly!
You are too injured to fight recklessly!
You closely miss the electric eel.
The electric eel shoots out a bolt of lightning at you!
The bolt of electricity hits the electric eel.
The electric eel completely resists.
The bolt of electricity hits you!
* * * LOW HITPOINT WARNING * * *
The electric eel shoots out a bolt of lightning at you!
The bolt of electricity misses you.
The bolt of electricity hits the plant.
The electric eel shoots out a bolt of lightning at you!
The bolt of electricity hits the electric eel.
The electric eel completely resists.
The bolt of electricity misses you.
Okay, then.
You hit the electric eel. You barely miss the electric eel.
The electric eel shoots out a bolt of lightning at you!
The bolt of electricity misses you.
The bolt of electricity hits the plant.
Unknown command.
You barely miss the electric eel.
The electric eel shoots out a bolt of lightning at you!
The bolt of electricity hits you!
* * * LOW HITPOINT WARNING * * *
The bolt of electricity hits the plant.
The electric eel shoots out a bolt of lightning at you!
The bolt of electricity hits the electric eel.
The electric eel completely resists.
The bolt of electricity hits you!
* * * LOW HITPOINT WARNING * * *
The bolt of electricity hits the plant.
Unknown command.
It was a potion of berserk rage.
A red film seems to cover your vision as you go berserk!
You feel yourself moving faster!
You feel mighty!
Your iron imp completely misses the electric eel.
You puncture the electric eel!
The electric eel shoots out a bolt of lightning at you!
The bolt of electricity hits you!
You die...

##### ## ....# ...
...≈♣♣ ...# .?♣≈≈♣≈
##..#####♣♣≈≈P≈≈≈≈
#......P♣≈≈≈≈≈≈≈≈P
#.....♣≈≈≈≈≈≈≈≈≈≈≈
#....≈P≈≈≈@;;≈≈≈≈≈
#.....≈≈≈P≈5P≈≈≈≈≈
#......♣≈≈≈≈≈≈..≈.
#..................
#................≈.
#######......≈.≈≈≈≈≈
#.....≈P≈≈≈PP≈≈≈
######......♣♣≈≈≈♣
≈≈♣ ###
#....#.......♣♣♣
♣.###..


You could see 2 electric eels and a friendly iron imp.

Vanquished Creatures
  The ghost of Loge the Chopper, an amateur HOMo of Beogh (D:4)
  2 steam dragons (D:5)
  2 sky beasts
  3 phantoms (D:5)
  2 ogres
  2 centaurs (D:6)
  A bullfrog (D:5)
  A bullfrog zombie (D:5)
  3 orc wizards
  A bullfrog skeleton (D:5)
  A worker ant (D:4)
  A hound skeleton (D:6)
  5 adders
  A shadow imp (D:5)
  2 worms
  4 dart slugs
  A leopard gecko (D:5)
  8 orcs
  4 bats
  7 giant cockroaches
  20 goblins
  8 hobgoblins
  3 quokkas
  2 ball pythons
  A frilled lizard (D:2)
  9 kobolds
  4 rats
99 creatures vanquished.

Vanquished Creatures (collateral kills)
  2 ogres
  Natasha (D:2)
  A worker ant (D:4)
  Robin (D:5)
  3 adders (D:2)
  An ooze (D:4)
  2 worms
  3 dart slugs
  An orc (D:6)
  2 goblins
  2 hobgoblins
  2 jackals (D:3)
  A quokka (D:3)
  2 rats (D:2)
24 creatures vanquished.

Vanquished Creatures (others)
  4 fungi (D:5)
4 creatures vanquished.

Grand Total: 127 creatures vanquished

Notes
Turn   | Place    | Note
-------+----------+-------------------------------------------
     0 | D:1      | MalarOregon the Merfolk Summoner began the quest for the
                  | Orb.
     0 | D:1      | Reached XP level 1. HP: 13/13 MP: 3/3
   251 | D:1      | Reached skill level 1 in Polearms
   251 | D:1      | Reached XP level 2. HP: 11/19 MP: 1/5
   548 | D:1      | Reached XP level 3. HP: 25/25 MP: 6/6
  1288 | D:2      | Reached skill level 1 in Fighting
  1336 | D:2      | Learned a level 2 spell: Call Imp
  1555 | D:2      | Reached XP level 4. HP: 32/32 MP: 5/7
  2211 | D:2      | Found a shattered altar of Ashenzari.
  2268 | D:2      | Became a worshipper of Ashenzari the Shackled
  2325 | D:2      | Noticed Natasha
  2334 | D:2      | Killed Natasha
  2334 | D:2      | Reached XP level 5. HP: 35/38 MP: 1/8
  2475 | D:3      | Found a blossoming altar of Fedhas.
  2892 | D:4      | Learned a level 3 spell: Call Canine Familiar
  2935 | D:4      | Found a runed door.
  2935 | D:4      | Noticed a sky beast
  2937 | D:4      | Noticed Loge's ghost (amateur HOMo)
  2949 | D:4      | Noticed a phantom
  2965 | D:4      | Found a radiant altar of Vehumet.
  2965 | D:4      | Noticed Robin
  2973 | D:5      | Entered Level 5 of the Dungeon
  3218 | D:5      | Found a glowing golden altar of the Shining One.
  3218 | D:5      | Noticed an ogre
  3748 | D:4      | Reached * piety under Ashenzari
  3798 | D:4      | Reached XP level 6. HP: 45/46 MP: 9/9
  3893 | D:4      | Found a deep blue altar of Sif Muna.
  4148 | D:4      | Killed a sky beast
  4160 | D:4      | Killed Loge's ghost
  4160 | D:4      | Reached skill level 5 in Dodging
  4160 | D:4      | Reached XP level 7. HP: 6/52 MP: 1/11
  4489 | D:5      | Killed Robin
  4492 | D:5      | Reached skill level 5 in Polearms
  4802 | D:5      | Found a staircase to the Ecumenical Temple.
  4921 | D:5      | Reached skill level 5 in Summonings
  4921 | D:5      | Reached XP level 8. HP: 57/61 MP: 11/13
  5226 | D:5      | HP: 3/61 [steam dragon/ball of steam (3)]
  5228 | D:5      | Gained mutation: You are resistant to hostile enchantments.
                  | (MR+) [potion of mutation]
  5228 | D:5      | Gained mutation: Your movements are slightly less
                  | encumbered by armour. (ER -2) [potion of mutation]
  5232 | D:5      | HP: 3/61 [steam dragon (12)]
  5927 | D:6      | Reached skill level 5 in Fighting
  6108 | D:6      | HP: 1/62 [centaur/arrow (15)]
  6710 | D:5      | Found a staircase to the Ecumenical Temple.
  6801 | D:5      | Found a glowing golden altar of the Shining One.
  7664 | D:6      | Reached XP level 9. HP: 46/69 MP: 12/15
  7715 | D:6      | Killed from afar by an electric eel

Skill      XL: |  1  2  3  4  5  6  7  8 |
---------------+-------------------------+-----
Polearms       | 1 2 3 4 6 7 |  7.9
Dodging        | 3 4 5 6 7 |  7.6
Fighting       | 1 2 3 4 5 |  5.7
Stealth        | 3 |  3.0
Spellcasting   | 3 4 |  4.0
Summonings     | 5 |  5.5

Action                   |  1- 3 |  4- 6 |  7- 9 || total
-------------------------+-------+-------+-------++-------
Melee: Spear             |   149 |    24 |       ||   173
       Halberd           |       |   170 |   225 ||   395
 Cast: Summon Small Mamm |     5 |       |       ||     5
       Call Imp          |     2 |    23 |    10 ||    35
       Call Canine Famil |       |     6 |     1 ||     7
  Use: Scroll            |       |     5 |     2 ||     7
       Potion            |       |     2 |     5 ||     7
 Stab: Sleeping          |     3 |     3 |     9 ||    15
       Distracted        |       |     2 |     4 ||     6
  Eat: Chunk             |     3 |    10 |     6 ||    19
       Ration            |       |       |     2 ||     2
Armor: Robe              |     5 |       |    59 ||    64
       Leather armour    |    22 |       |       ||    22
       Ring mail         |     5 |    90 |    10 ||   105
Dodge: Dodged            |    83 |   132 |   177 ||   392
